 Dungeon Crawl Stone Soup version 0.19-b1-3-g7dea586 (webtiles) character file.

97 spe3d0 the Covered (level 4, -13/35 HPs)
             Began as a Demonspawn Fighter on Oct 30, 2016.
             Mangled by an ogre
             ... wielding a +0 giant club
              (18 damage)
             ... on level 4 of the Dungeon.
             The game lasted 00:02:35 (1953 turns).

spe3d0 the Covered (Demonspawn Fighter)             Turns: 1953, Time: 00:02:36

Health: -13/35     AC: 11    Str: 17    XL:     4   Next: 42%
Magic:  4/4        EV:  2    Int:  9    God:
Gold:   99         SH: 13    Dex: 13    Spells: 0 memorised, 3 levels left

rFire  . . .     SeeInvis +     a - +0 flail
rCold  . . .     Gourm    .     i - +0 plate armour
rNeg   . . .     Faith    .     c - +0 shield
rPois  .         Spirit   .     (helmet restricted)
rElec  .         Reflect  .     (no cloak)
rCorr  .         Harm     .     (no gloves)
MR     .....                    (no boots)
Stlth  ..........               (no amulet)
                                (no ring)
                                v - ring of see invisible

@: no status effects
A: antennae 1, large bone plates 1, spiny 1
a: no special abilities


You were on level 4 of the Dungeon.
You were not hungry.

You visited 1 branch of the dungeon, and saw 4 of its levels.

You collected 99 gold pieces.


Innate Abilities, Weirdness & Mutations

You have a pair of small antennae on your head.
You are partially covered in large bone plates. (SH +4)
You are partially covered in sharp spines.


   Skills:
 - Level 3.0 Fighting
 * Level 2.9 Maces & Flails
 * Level 3.4 Armour
 * Level 3.4 Shields


You had 3 spell levels left.
You didn't know any spells.

Inventory:

Hand Weapons
 a - a +0 flail (weapon)
Armour
 b - a +0 scale mail
 c - a +0 shield (worn)
 i - a +0 plate armour (worn)
Jewellery
 v - a ring of see invisible (left hand)
Scrolls
 g - 2 scrolls of identify {unknown}
 k - 2 scrolls of enchant weapon {unknown}
 n - a scroll of fog {unknown}
 p - a scroll of immolation {unknown}
 r - 2 scrolls of magic mapping {unknown}
 s - 2 scrolls of random uselessness {unknown}
 t - a scroll of noise {unknown}
Potions
 d - a potion of might
 e - a potion of resistance {unknown}
 m - a potion of brilliance {unknown}
 o - 2 potions of lignification {unknown}
 q - a potion of cancellation {unknown}
 u - a potion of heal wounds {unknown}
 A - a potion of agility {unknown}
Comestibles
 f - 5 bread rations {@e1}
 h - 2 slices of pizza {@e2}
 j - 3 fruits {@e2}
 l - 2 meat rations {@e1}
 w - 4 chunks of flesh
 x - a beef jerky {@e2}
 z - a royal jelly {@e3}

Dungeon Overview and Level Annotations

Branches:
Dungeon (4/15)
 Temple: D:4-7

Altars:
Ashenzari
Cheibriados

.. #.##....
....###.##.###
...........#..
######.####.# #######
#.# #.# #####.....# #.#
#.# ..........####.# #.#
#######...........# #.#
#.....O@.....#########.#
#.........#####.........
#.................)###..
#........######.##.# ###
#######... # #.# ##...
#.# #.$. #<# ..... ### {


You could see an ogre.


Message History

The ogre hits you with a giant club.
Your shield and plate armour prevent you from hitting the ogre.
The ogre is heavily wounded.
You block the ogre's attack.
Your shield and plate armour prevent you from hitting the ogre.
The ogre is heavily wounded.
The ogre is struck by your spines. The ogre hits you with a giant club! x2
* * * LOW HITPOINT WARNING * * *
You are too injured to fight recklessly!
You are too injured to fight recklessly!
You are too injured to fight recklessly!
You are too injured to fight recklessly!
You are too injured to fight recklessly!
You are too injured to fight recklessly!
You are too injured to fight recklessly!
You are too injured to fight recklessly!
You are too injured to fight recklessly!
You are too injured to fight recklessly!
You are too injured to fight recklessly!
You are too injured to fight recklessly!
You are too injured to fight recklessly!
You are too injured to fight recklessly!
You are too injured to fight recklessly!
You are too injured to fight recklessly!
You are too injured to fight recklessly!
Your plate armour prevents you from hitting the ogre.
The ogre is severely wounded.
The ogre is struck by your spines. The ogre hits you with a giant club!!
Ouch! That really hurt!
You die...

Skill      XL: |  1  2  3 |
---------------+----------+-----
Maces & Flails | 2 |  2.9
Shields        | 3 |  3.4
Armour         | 3 |  3.4
Fighting       | |  3.0

Action                   |  1- 3 |  4- 6 || total
-------------------------+-------+-------++-------
Melee: Flail             |   131 |    44 ||   175
  Eat: Chunk             |     2 |     2 ||     4
Armor: Scale mail        |    27 |       ||    27
       Plate armour      |    29 |    20 ||    49
Dodge: Dodged            |    27 |     4 ||    31
Block: Shield            |    77 |    36 ||   113

Vault maps used:
D:1:      scummos_arrival_forest
D:2:      first_bread
D:3:      lemuel_crystal_altar, ashenzari_altar_1
D:4:      uniq_duvessa

Notes
Turn   | Place    | Note
-------+----------+-------------------------------------------
     0 | D:1      | spe3d0 the Demonspawn Fighter began the quest for the Orb.
     0 | D:1      | Reached XP level 1. HP: 18/18 MP: 1/1
    19 | D:1      | Reached skill level 2 in Maces & Flails
    65 | D:1      | Gained mutation: You are partially covered in sharp spines. [demonic ancestry]
    65 | D:1      | Reached XP level 2. HP: 24/24 MP: 2/2
   140 | D:1      | Reached skill level 3 in Shields
   277 | D:1      | Gained mutation: You are partially covered in large bone plates. (SH +4) [demonic ancestry]
   277 | D:1      | Reached XP level 3. HP: 29/29 MP: 3/3
   711 | D:2      | Reached skill level 3 in Armour
  1431 | D:2      | Gained mutation: You have a pair of small antennae on your head. [demonic ancestry]
  1431 | D:2      | Reached XP level 4. HP: 33/35 MP: 4/4
  1709 | D:3      | Found a shattered altar of Ashenzari.
  1790 | D:3      | Found a snail-covered altar of Cheibriados.
  1945 | D:4      | Noticed an ogre
  1953 | D:4      | Mangled by an ogre

Vanquished Creatures
  3 adders
  2 worms (D:3)
  A dart slug (D:1)
  5 leopard geckos
  2 giant cockroaches
  6 goblins
  8 hobgoblins
  8 jackals (D:1)
  2 quokkas (D:2)
  3 bats
  4 frilled lizards
  6 kobolds
  6 rats
56 creatures vanquished.
